cohdb
Replays
Latest Replays
All Replays
Popular Replays
Top Player Replays
Match Explorer
How It Works
Community
CoH3 Stats
Reddit
Sign in to upload your games and track your stats! →
Sign in with Steam
3v3 Mortar Action
Match 15292254
Overview
Messages
Build Orders
End
Engineer Squad
Construct Weapon Support Center
Selects Special Operations Battlegroup
Selects M29 Weasel Recon Vehicle
Bazooka Squad
M29 Weasel Recon Vehicle
M1919 Machine Gun Team
M29 Weasel Recon Vehicle
Infantry Support Center
Construct Motor Pool
M1 Anti-tank Gun Team
M8 Greyhound Armored Car
.30 cal Machine Gun
Selects Raiding Flares
Selects SSF Commando Squad
SSF Commando Squad
Engineer Squad
M3 Armored Personnel Carrier
Selects P-47 Strafing Runs
M1 Anti-tank Gun Team
Construct Tank Depot
M3 Armored Personnel Carrier
Advanced Logisitcs
AI Takeover
Society is a Lie
Mister "Generic"
this profile name wasn't taken
UH|dun! ツ
UH|XTC
insane
0
0
Comments
sign in to comment!
No comments posted yet!